 Dungeon Crawl Stone Soup version 0.30.1-3-gfc49f6343a (webtiles) character file.

Game seed: 11919093560075100439

3 CaptainMV the Charlatan (level 1, 0/17 HPs)
             Began as a Draconian Wanderer on July 28, 2023.
             Slain by a goblin
             ... wielding a +1 vampiric dagger
              (1 damage)
             ... on level 1 of the Dungeon.
             The game lasted 00:02:04 (78 turns).

CaptainMV the Charlatan (Draconian Wanderer)          Turns: 78, Time: 00:02:04

Health: 0/17       AC:  4    Str: 14    XL:     1   Next: 41%
Magic:  0/2        EV: 11    Int:  9    God:
Gold:   15         SH:  0    Dex: 13    Spells: 1/2 levels left

rFire   . . .        a - +0 morningstar
rCold   . . .        (no shield)
rNeg    . . .        (body armour unavailable)
rPois   .            (helmet restricted)
rElec   .            (no cloak)
rCorr   .            (no gloves)
SInv    .            (no boots)
Will    .....        (no amulet)
Stlth   ++           (no ring)
HPRegen 0.22/turn    (no ring)
MPRegen 0.08/turn

%: no passive effects
@: no status effects
A: AC +4, unfitting armour, cold-blooded
a: no special abilities


You were on level 1 of the Dungeon.
You visited 1 branch of the dungeon, and saw 1 of its levels.

You collected 15 gold pieces.

Inventory:

Hand Weapons
 a - a +0 morningstar (weapon)
 e - a +0 club
Wands
 d - a wand of flame (16)
Scrolls
 c - a scroll of blinking
Potions
 b - a potion of attraction


   Skills:
 + Level 2.1 Fighting
 + Level 0.4 Maces & Flails
 + Level 1.0 Dodging
 + Level 1.0 Stealth
 + Level 1.0 Spellcasting
 + Level 1.0 Hexes
 + Level 4.1 Evocations


You had one spell level left.
You knew the following spells:

 Your Spells              Type           Power      Damage    Failure   Level
a - Slow                  Hex            8%         N/A       24%         1

Your spell library contained the following spells:

 Spells                   Type           Power      Damage    Failure   Level
 Confusing Touch          Hex            2%         N/A       58%         3


Dungeon Overview and Level Annotations

Branches:
Dungeon (1/15)

Altars:


Innate Abilities, Weirdness & Mutations

Your plain brown scales are hard. (AC +4)
You cannot fit into any form of body armour.
You are cold-blooded and may be slowed by cold attacks.


Message History

The kobold hits you with a +0 short sword.
The goblin hits you with a +1 vampiric dagger.
The giant cockroach bites you but does no damage.
You hit the kobold.
The kobold is severely wounded.
The kobold hits you with a +0 short sword.
The giant cockroach bites you but does no damage.
The goblin hits you with a +1 vampiric dagger.
* * * LOW HITPOINT WARNING * * *
The kobold barely misses you.
Your magical contamination has completely faded away.
You closely miss the goblin. The giant cockroach bites you.
* * * LOW HITPOINT WARNING * * *
The goblin closely misses you.
The giant cockroach bites you but does no damage.
The kobold closely misses you. The goblin misses you.
You closely miss the goblin. The giant cockroach barely misses you.
The kobold hits you but does no damage. The goblin barely misses you.
The giant cockroach barely misses you. The kobold misses you.
You barely miss the goblin.
The giant cockroach bites you but does no damage.
The goblin closely misses you. The kobold closely misses you.
The giant cockroach closely misses you. The goblin closely misses you.
Casting: Slow (safe; 24% risk of failure)
Confirm with . or Enter, or press ? or * to list all spells.
Aiming: Slow (safe; 24% risk of failure)
Press: ? - help, Shift-Dir - straight line, f - goblin, p - giant cockroach
Aim: a goblin, wielding a +1 vampiric dagger (chance to affect: 52%)
The goblin seems to slow down.
The kobold closely misses you. The giant cockroach bites you.
* * * LOW HITPOINT WARNING * * *
You miss the goblin.
Your tail-slap misses the goblin.
The giant cockroach closely misses you. The kobold hits you but does no damage.
The goblin hits you but does no damage.
The giant cockroach bites you but does no damage.
The kobold closely misses you.
You barely miss the goblin.
The goblin is no longer moving slowly.
The giant cockroach bites you but does no damage.
The goblin hits you with a +1 vampiric dagger.
You die...

### #.. #.########
#######........
#............####
##....K...........
.$....B@..........
......g.......##
..............#
..............#
##...........)+ ##
#............###### .
#.........##.......#.###
#.#######.##.#####.#....
#.##+####
#.#............#


You could see a giant cockroach, a goblin and a kobold.

Vanquished Creatures
  An endoplasm (D:1)
  A goblin (D:1)
  A ball python (D:1)
3 creatures vanquished.

Notes
Turn   | Place    | Note
-------+----------+-------------------------------------------
     0 | D:1      | CaptainMV the Draconian Wanderer began the quest for the
                  | Orb.
     0 | D:1      | CaptainMV set off with the following items: a +0 club, a
                  | potion of attraction, a scroll of blinking, a wand of flame
                  | (16); and the following spell memorised: Slow; and the
                  | following spells available to memorise: Confusing Touch.
     0 | D:1      | Reached XP level 1. HP: 17/17 MP: 2/2
    78 | D:1      | Slain by a goblin

Illustrated notes

Levels and vault maps discovered:
D:1:      spicycebolla_arrival_ecumenical, layout_basic

Action                     || total
---------------------------++-------
  Melee: Morningstar       ||    13
         Club              ||     4
   Cast: Slow              ||     2
    Use: Scroll            ||     1
   Stab: Sleeping          ||     1
 Armour: Skin              ||    14
  Dodge: Dodged            ||    25
